 Dungeon Crawl Stone Soup version 0.27.1-1-g398f81649c (webtiles) character file.

Game seed: 6099955260478734153

3397 jlumianski the Cleaver (level 9, -1/81 HPs)
             Began as a Deep Dwarf Fighter on Sept 15, 2021.
             Was a Believer of Makhleb.
             Slain by a two-headed ogre (26 damage)
             ... on level 8 of the Dungeon.
             The game lasted 00:41:45 (5784 turns).

jlumianski the Cleaver (Deep Dwarf Fighter)         Turns: 5784, Time: 00:41:45

Health: -1/81      AC: 12    Str: 22    XL:     9   Next: 75%
Magic:  2/2        EV: 11    Int: 16    God:    Makhleb [**....]
Gold:   351        SH:  0    Dex: 12    Spells: 8/8 levels left

rFire    . . .     SeeInvis .   s - +1 battleaxe
rCold    . . .     Faith    .   (shield currently unavailable)
rNeg     . . .     Spirit   .   b - +0 scale mail
rPois    +         Reflect  .   o - +1 helmet
rElec    .         Harm     .   (no cloak)
rCorr    .         Rampage  .   B - +1 pair of gloves
Will     +....                  (no boots)
Stlth    ..........             C - amulet of magic regeneration
HPRegen  0.00/turn              f - ring of poison resistance
MPRegen  0.33/turn              x - +6 ring of intelligence

@: studying Axes
A: damage resistance, heal wounds, sense surroundings 2, no regeneration
a: Heal Wounds, Renounce Religion, Minor Destruction


You were on level 8 of the Dungeon.
You worshipped Makhleb.
Makhleb was pleased with you.
You visited 2 branches of the dungeon, and saw 9 of its levels.
You also visited: Sewer.

You collected 351 gold pieces.

Inventory:

Hand Weapons
 a - a +1 war axe
 h - a +0 hunting sling
 j - a +3 trident of protection
 p - a +4 short sword
 s - a +1 battleaxe (weapon)
 y - a +2 whip of electrocution
 D - a +2 vampiric spear
Missiles
 e - 186 stones
 i - 65 bolts
 l - 73 sling bullets
 q - 5 boomerangs
 t - 10 poisoned darts (quivered)
 u - a curare-tipped dart
Armour
 b - a +0 scale mail (worn)
 c - a +0 kite shield
 o - a +1 helmet (worn)
 B - a +1 pair of gloves (worn)
Magical Staves
 A - a staff of earth
Jewellery
 f - a ring of poison resistance (left hand)
 x - a +6 ring of intelligence (right hand)
 C - an amulet of magic regeneration (around neck)
 F - a ring of positive energy
 G - a ring of protection from fire
Wands
 E - a wand of flame (14)
Scrolls
 g - 5 scrolls of identify
 k - 2 scrolls of teleportation
 m - a scroll of amnesia
 w - a scroll of enchant weapon
Potions
 d - a potion of might
 n - a potion of degeneration
 r - a potion of magic
 v - 2 potions of haste
 z - 2 potions of flight


   Skills:
 + Level 5.5 Fighting
 + Level 12.3 Axes
 + Level 0.1(6.6) Polearms
 + Level 2.2(2.5) Slings
 + Level 1.2(1.8) Throwing
 + Level 7.8 Armour
 + Level 3.6 Dodging
 - Level 0.9 Stealth
 - Level 6.1 Shields
 * Level 2.2 Invocations


You had 8 spell levels left.
You didn't know any spells.
Your spell library contained the following spells:

 Spells                   Type           Power      Damage    Failure   Level
 Animate Skeleton         Necr           0%         N/A       52%         1
 Apportation              Tloc           0%         N/A       52%         1
 Corona                   Hex            0%         N/A       52%         1
 Magic Dart               Conj           0%         1d3       52%         1
 Summon Small Mammal      Summ           0%         N/A       52%         1
 Blink                    Tloc           N/A        N/A       65%         2
 Call Imp                 Summ           0%         N/A       65%         2
 Call Canine Familiar     Summ           0%         N/A       87%         3
 Gell's Gravitas          Tloc           0%         N/A       87%         3
 Lesser Beckoning         Tloc           0%         N/A       87%         3
 Mephitic Cloud           Conj/Pois/Air  0%         N/A       87%         3
 Portal Projectile        Hex/Tloc       0%         N/A       87%         3
 Teleport Other           Tloc           0%         N/A       87%         3
 Leda's Liquefaction      Hex/Erth       0%         N/A       99%         4
 Manifold Assault         Tloc           0%         N/A       100%        5


Dungeon Overview and Level Annotations

Branches:
Dungeon (8/15)             Temple (1/1) D:4           Sewer (visited)
   Lair: D:8-11

Altars:
Ashenzari
Cheibriados
Dithmenos
Elyvilon
Fedhas
Gozag
Hepliaklqana
Kikubaaqudgha
Makhleb
Nemelex Xobeh
Okawaru
Qazlal
Ru
Sif Muna
Trog
Uskayaw
Vehumet
Xom
Yredelemnul
Zin
The Shining One

Shops:
D:7 (

Annotations:
D:6 1 runed translucent door


Innate Abilities, Weirdness & Mutations

You are resistant to damage.
You can heal yourself by infusing magical energy.
You passively map the area around you.
You do not regenerate.


Message History

The wight barely misses you.
You slash the wight!
The wight is almost destroyed.
The wight hits you with a +0 scimitar.
You slice the wight!!
You destroy the wight!
Makhleb accepts your kill.
You feel better.
Your life force feels restored.
Found a blackened garnet ring.
F - a ring of positive energy
Items here: )) [[.
e - 186 stones (gained 14)
Okay, then.
You pick up a book of Displacement and begin reading...
You add the spells Gell's Gravitas and Teleport Other to your library.
Okay, then.
Unknown command.
Unknown command.
G - a ring of protection from fire
Found a stone staircase leading up.
Found 7 gold pieces.
Found 11 stones.
You now have 351 gold pieces (gained 7).
A two-headed ogre comes into view. It is wielding two +0 giant clubs.
The two-headed ogre shouts in stereo!
You hear a shout!
You slice the two-headed ogre!!
The two-headed ogre is moderately wounded.
The two-headed ogre hits you with a +0 giant club!!
* * * LOW HITPOINT WARNING * * *
The two-headed ogre hits you with a +0 giant club.
You hit the two-headed ogre.
The two-headed ogre is moderately wounded.
The two-headed ogre hits you with a +0 giant club!
* * * LOW HITPOINT WARNING * * *
The two-headed ogre barely misses you.
Your magical essence is drained by the effort!
You feel much better.
The two-headed ogre hits you with a +0 giant club!!
You die...

* , ** #....... *
** * #####.#. , *
#.## , , *#* # *
#..# ,,,,..,#.*
##.# , #.#. #..
,,, *#.... ##. ,
*#..### ## ,
#..O@######## # ,
##.#........### ##
, ,* *,*#
########...######.
, ,* *
#######........ *
, ,
........##....< ,
.#############.
,,, , * * ######..
,* , ,* #....... ,
, , * #.......


You could see a two-headed ogre.

Vanquished Creatures
  The ghost of Jozx the Grappler, a novice TrBe of Trog (D:6)
  A water moccasin (D:7)
  2 sky beasts (D:4)
  A hornet zombie (D:5)
  2 ice beasts
  A necrophage (D:3)
  3 ogres
  A phantom (D:4)
  A kobold brigand (Sewer)
  3 bullfrogs
  2 gnoll sergeants
  A scorpion (D:6)
  2 water moccasin skeletons
  12 wights
  A bullfrog zombie (D:4)
  2 hounds
  A jelly (D:4)
  3 orc priests
  3 orc wizards
  5 iguanas
  A scorpion zombie (D:5)
  A hound skeleton (D:4)
  Robin (D:2)
  A howler monkey zombie (D:5)
  23 gnolls
  14 adders
  5 river rats
  2 shadow imps (D:6)
  3 white imps
  An ufetubus (D:5)
  A worm (D:6)
  3 dart slugs
  9 orcs
  15 ball pythons
  10 endoplasms
  6 giant cockroaches
  15 goblins
  8 hobgoblins
  8 kobolds
  5 quokkas
  7 bats
  A frilled lizard (D:2)
  6 rats
194 creatures vanquished.

Notes
Turn   | Place    | Note
-------+----------+-------------------------------------------
     0 | D:1      | jlumianski the Deep Dwarf Fighter began the quest for the
                  | Orb.
     0 | D:1      | Reached XP level 1. HP: 20/20 MP: 1/1
   299 | D:1      | Reached XP level 2. HP: 27/27 MP: 2/2
   352 | D:1      | Found a faded altar of an unknown god.
   959 | D:2      | Noticed Robin
   970 | D:2      | Reached XP level 3. HP: 21/34 MP: 3/3
   987 | D:2      | Killed Robin
   988 | D:2      | Reached skill level 3 in Axes
  1010 | D:2      | Found a hide-covered altar of Uskayaw.
  1113 | D:2      | Reached XP level 4. HP: 20/42 MP: 4/4
  1318 | D:3      | Reached skill level 4 in Axes
  1348 | D:3      | Found a snail-covered altar of Cheibriados.
  1453 | D:3      | Found a glowing drain.
  1457 | Sewer    | Entered a sewer
  1747 | Sewer    | Reached skill level 1 in Dodging
  1754 | Sewer    | Noticed a kobold brigand
  1780 | Sewer    | Killed a kobold brigand
  1781 | Sewer    | Reached skill level 1 in Slings
  1781 | Sewer    | Reached XP level 5. HP: 18/49 MP: 4/4
  2115 | Sewer    | Reached XP level 6. HP: 41/56 MP: 5/5
  2313 | D:3      | Found a radiant altar of Vehumet.
  2763 | D:3      | Identified a scroll of acquirement
  2763 | D:3      | Acquired a manual of Axes
  2875 | D:4      | Found a staircase to the Ecumenical Temple.
  2903 | Temple   | Entered the Ecumenical Temple
  3211 | Temple   | Became a worshipper of Makhleb the Destroyer
  3303 | D:4      | Reached skill level 5 in Axes
  3366 | D:3      | Reached XP level 7. HP: 32/63 MP: 5/5
  3556 | D:4      | Reached skill level 5 in Shields
  3744 | D:3      | Reached skill level 6 in Axes
  3840 | D:5      | Entered Level 5 of the Dungeon
  3875 | D:4      | Reached skill level 5 in Armour
  3892 | D:4      | Reached skill level 7 in Axes
  3942 | D:4      | Reached XP level 8. HP: 24/72 MP: 4/4
  4012 | D:4      | Reached skill level 8 in Axes
  4033 | D:4      | Reached * piety under Makhleb
  4258 | D:5      | Reached skill level 9 in Axes
  4298 | D:5      | HP: 3/73 [gnoll sergeant (7)]
  4633 | D:5      | Reached skill level 10 in Axes
  4839 | D:6      | Gained mutation: You passively map the area around you.
                  | [Deep Dwarf growth]
  4839 | D:6      | Reached XP level 9. HP: 30/74 MP: 4/4
  5115 | D:6      | Reached skill level 5 in Fighting
  5158 | D:6      | Found a runed translucent door.
  5163 | D:6      | Noticed Jozx's ghost (novice TrBe)
  5188 | D:6      | Killed Jozx's ghost
  5189 | D:6      | Reached skill level 11 in Axes
  5189 | D:6      | Reached skill level 1 in Throwing
  5210 | D:6      | Reached ** piety under Makhleb
  5219 | D:6      | Found a runed translucent door.
  5428 | D:6      | Found a glowing silver altar of Zin.
  5475 | D:7      | Acquired a +6 ring of intelligence
  5537 | D:7      | Found Bairgh's Weapon Shoppe.
  5570 | D:7      | Reached skill level 1 in Invocations
  5582 | D:7      | Reached skill level 12 in Axes
  5635 | D:7      | You fall into a shaft and drop 1 floor!
  5781 | D:8      | Noticed a two-headed ogre
  5783 | D:8      | HP: 3/81 [two-headed ogre (13)]
  5784 | D:8      | Slain by a two-headed ogre

Illustrated notes

Levels and vault maps discovered:
D:1:      dpeg_arrival_rhombi, layout_basic, ebering_ecumenical_altar_abandoned
D:2:      layout_basic, serial_forest, infiniplex_forest_end_1,
          infiniplex_forest_clump_medium, infiniplex_forest_lined_corner,
          infiniplex_forest_join, infiniplex_forest_lined_room_2,
          infiniplex_forest_straight_1, infiniplex_forest_end_2,
          infiniplex_forest_clump_medium, infiniplex_forest_end_double,
          basic_altar, uniq_robin
D:3:      layout_rooms, mainiacjoe_overflow_boulevard,
          mainiacjoe_overflow_surrounded_room, gup_sewer_entry_bowl,
          due_unseen_surprise
D:4:      layout_cave_pools, minmay_temple_entry_glass
D:5:      layout_rooms
D:6:      layout_loops_ring, kennysheep_little_box, ebering_ghost_sewer_f
D:7:      layout_basic, nicolae_uskayaw_dance_hall, serial_shops,
          nicolae_shop_crystal, serial_glass, glass_columns_a, glass_columns_a,
          feat_on_display, feat_on_display
D:8:      layout_rooms
Temple:   minmay_temple_bridge_d

Skill      XL: |  1  2  3  4  5  6  7  8  9 |
---------------+----------------------------+-----
Fighting       | 3 4 5 |  5.5
Axes           | 3 4 5 7 10 12 | 12.3
Dodging        | 1 2 3 |  3.6
Slings         | 1 2 |  2.2
Armour         | 4 5 6 7 |  7.8
Shields        | 4 5 6 |  6.1
Throwing       | 1 |  1.2
Invocations    | 2 |  2.2
Polearms       | |  0.1
Stealth        | |  0.9

Action                   |  1- 3 |  4- 6 |  7- 9 || total
-------------------------+-------+-------+-------++-------
Melee: War axe           |    89 |   218 |   234 ||   541
       Whip              |       |    18 |       ||    18
       Battleaxe         |       |       |   165 ||   165
       Spear             |       |       |    12 ||    12
 Fire: Hunting sling     |       |    36 |     6 ||    42
Throw: Stone             |    21 |       |     1 ||    22
       Dart              |       |       |    13 ||    13
 Abil: Heal Wounds       |     1 |     5 |    16 ||    22
  Use: Scroll            |       |     8 |     7 ||    15
       Potion            |       |     1 |       ||     1
Armor: Scale mail        |    50 |   124 |   174 ||   348
Dodge: Dodged            |    39 |    86 |   180 ||   305
Block: Kite shield       |    55 |   154 |   124 ||   333
